 Dungeon Crawl Stone Soup version 0.22.1-1-ga44c0e56f4 (webtiles) character file.

396 Reeggar the Shield-Bearer (level 6, -4/56 HPs)
             Began as a Deep Dwarf Fighter on Oct 28, 2018.
             Slain by Sigmund
             ... wielding a +0 scythe
              (11 damage)
             ... on level 4 of the Dungeon.
             The game lasted 00:15:52 (3306 turns).

Reeggar the Shield-Bearer (Deep Dwarf Fighter)      Turns: 3306, Time: 00:15:53

Health: -4/56      AC:  6    Str: 21    XL:     6   Next: 52%
Magic:  5/5        EV:  6    Int:  9    God:
Gold:   152        SH:  0    Dex: 12    Spells: 5/5 levels left

rFire    . . .     SeeInvis .   u - +0 broad axe
rCold    . . .     Gourm    .   c - +0 shield
rNeg     . . .     Faith    .   b - +0 scale mail
rPois    .         Spirit   .   (no helmet)
rElec    .         Reflect  .   p - scarf {repulsion}
rCorr    .         Harm     .   (no gloves)
MR       .....                  (no boots)
Stlth    ..........             (no amulet)
HPRegen  0.00/turn              (no ring)
MPRegen  0.09/turn              (no ring)

@: confused, non-regenerating, extremely drained, repel missiles
A: damage resistance, heal wounds, sense surroundings 1, no regeneration
a: Heal Wounds


You were on level 4 of the Dungeon.
You were not hungry.

You visited 1 branch of the dungeon, and saw 4 of its levels.

You collected 152 gold pieces.

Inventory:

Hand Weapons
 u - a +0 broad axe (weapon)
Missiles
 n - 3 javelins (quivered)
Armour
 b - a +0 scale mail (worn)
 c - a +0 shield (worn)
 p - a scarf of repulsion (worn)
Jewellery
 a - an uncursed amulet of rage {unknown}
 r - an uncursed ring of stealth
Scrolls
 g - 2 scrolls of identify
 k - 2 scrolls of teleportation
 m - 4 scrolls of remove curse
Potions
 d - a potion of might
 e - a potion of heal wounds {unknown}
 h - a potion of haste {unknown}
 i - 2 potions of agility {unknown}
 l - 3 potions of curing {unknown}
 o - a potion of cancellation {unknown}
 q - 2 potions of mutation {unknown}
 t - 2 potions of lignification {unknown}
Comestibles
 f - 12 rations
 s - 2 chunks of flesh


   Skills:
 + Level 3.4(0.0) Fighting
 + Level 4.1(0.0) Axes
 + Level 5.0(0.0) Armour
 + Level 1.2(0.0) Dodging
 + Level 0.3(0.0) Stealth
 + Level 5.4(0.0) Shields


You had 5 spell levels left.
You didn't know any spells.
Your spell library was empty.

Dungeon Overview and Level Annotations

Branches:
Dungeon (4/15)
 Temple: D:4-7

Altars:
Cheibriados
Qazlal

Shops:
D:4 %

Annotations:
D:4 Sigmund


Innate Abilities, Weirdness & Mutations

You are resistant to damage.
You can heal yourself by infusing magical energy.
You passively map a small area around you.
You do not regenerate.


Message History

Sigmund screams, "Don't try to resist!"
Sigmund gestures at you while chanting.
You are confused.
You're too confused!
You're too confused!
You're too confused!
You're too confused!
You're too confused!
You're too confused!
You closely miss Sigmund.
Sigmund is heavily wounded.
Sigmund gestures at you while chanting.
You are more confused.
Your shield prevents you from hitting Sigmund.
Sigmund is heavily wounded.
Sigmund hits you but does no damage.
You closely miss Sigmund.
Sigmund is heavily wounded.
Sigmund hits you with a scythe. Sigmund hits you with a scythe!
You die...

, * ..#
#...................# *
..###......)...........#
..###...##............#
*#.#######.........∩.##
#.### #..........## *
#..####.......#### ,
#..#.......### ≈,
###.........## ,
*#...@@......#
.≈≈.............# ,
≈≈≈............## *
≈≈.............#
*_#.............#
##............#
#............#
##..........##
#.........#


You could see Sigmund.

Vanquished Creatures
  An ogre (D:3)
  A bullfrog (D:3)
  A howler monkey (D:4)
  An orc wizard (D:3)
  9 adders
  An ooze (D:3)
  A worm (D:2)
  3 dart slugs
  A leopard gecko (D:3)
  7 orcs (D:3)
  13 bats
  4 giant cockroaches
  6 goblins
  2 hobgoblins
  2 jackals (D:3)
  3 quokkas
  2 ball pythons
  7 frilled lizards
  10 kobolds
  5 rats
80 creatures vanquished.

Notes
Turn   | Place    | Note
-------+----------+-------------------------------------------
     0 | D:1      | Reeggar the Deep Dwarf Fighter began the quest for the Orb.
     0 | D:1      | Reached XP level 1. HP: 20/20 MP: 1/1
   468 | D:1      | Reached XP level 2. HP: 25/27 MP: 2/2
   768 | D:2      | Found a stormy altar of Qazlal.
   811 | D:2      | Reached XP level 3. HP: 27/34 MP: 3/3
  1134 | D:2      | Reached XP level 4. HP: 25/42 MP: 4/4
  2118 | D:3      | Noticed a bullfrog
  2134 | D:3      | Killed a bullfrog
  2134 | D:3      | Reached XP level 5. HP: 21/49 MP: 5/5
  2407 | D:3      | Noticed an ogre
  2438 | D:3      | Killed an ogre
  2438 | D:3      | Reached skill level 1 in Dodging
  2438 | D:3      | Reached skill level 5 in Shields
  2438 | D:3      | Reached XP level 6. HP: 44/56 MP: 6/6
  3231 | D:4      | Reached skill level 5 in Armour
  3237 | D:4      | Found Adghyug's Food Emporium.
  3276 | D:4      | Noticed Sigmund
  3298 | D:4      | Found a snail-covered altar of Cheibriados.
  3306 | D:4      | Slain by Sigmund

Skill      XL: |  1  2  3  4  5  6 |
---------------+-------------------+-----
Fighting       | 3 |  3.4
Shields        | 4 5 |  5.4
Axes           | 3 4 |  4.1
Armour         | 4 5 |  5.0
Dodging        | 1 |  1.2
Stealth        | |  0.3

Action                   |  1- 3 |  4- 6 || total
-------------------------+-------+-------++-------
Melee: War axe           |    82 |    99 ||   181
       Broad axe         |       |   204 ||   204
 Abil: Heal Wounds       |       |     5 ||     5
  Use: Scroll            |     1 |     6 ||     7
  Eat: Chunk             |     1 |     8 ||     9
Armor: Scale mail        |    72 |   177 ||   249
Dodge: Dodged            |    53 |   130 ||   183
       Deflected         |       |     3 ||     3
Block: Shield            |    87 |   189 ||   276
